 Dungeon Sprint DCSS version 0.18-a0-1784-ga939a68 (webtiles) character file.

48505 Kidiri the Imperceptible (level 14, -4/74 HPs)
             Began as a Spriggan Enchanter on Apr 18, 2016.
             Was the Champion of Dithmenos.
             Killed from afar by a Brimstone Fiend (29 damage)
             ... with a damnation
             ... in the Dungeon (Sprint II: "The Violet Keep of Menkaure").
             The game lasted 00:26:01 (5042 turns).

Kidiri the Imperceptible (Spriggan Enchanter)       Turns: 5042, Time: 00:26:01

Health: -4/74      AC:  8    Str:  4    XL:     14   Next: 12%
Magic:  35/36      EV: 37    Int: 22    God:    Dithmenos [******]
Gold:   2382       SH: 10    Dex: 21    Spells: 8 memorised, 20 levels left

rFire  . . .     SeeInvis +     y - +0 short sword (distort)
rCold  + . .     Gourm    .     i - +1 robe "Houble" {+Blink Dex+2 Stlth+}
rNeg   + . .     Faith    .     r - +2 buckler {rC+}
rPois  .         Spirit   .     B - +1 hat {Int+3}
rElec  .         Dismiss  .     v - +0 cloak
rCorr  .         Reflect  .     (gloves unavailable)
SustAt .         Harm     .     (boots unavailable)
MR     ++...     NoTele   +     (no amulet)
Stlth  +++++++...               D - ring of flight
                                C - ring of positive energy

@: slowed, wreathed by umbra, quick, very resistant to hostile enchantments,
extremely stealthy
A: unfitting armour, thin metallic scales 1, see invisible, herbivore 3, speed
3, slow regeneration 1, slow metabolism 2
a: Shadow Step, Shadow Form, Renounce Religion, Evoke Blink, Evoke Flight
0: Orb of Zot


You were in the Dungeon.
You worshipped Dithmenos.
Dithmenos was exalted by your worship.
You were not hungry.

You visited 1 branch You collected 4120 gold pieces.
You spent 1738 gold pieces at shops.

Inventory:

Hand Weapons
 y - a +0 short sword of distortion (weapon)
Missiles
 w - 3 throwing nets (quivered)
Armour
 i - the +1 robe "Houble" (worn) {+Blink Dex+2 Stlth+}
   (You bought it in a shop in the Dungeon)

   It affects your dexterity (+2).
   It lets you blink.
   It makes you more stealthy.
 r - a +2 buckler of cold resistance (worn)
 v - a +0 cloak (worn)
 B - a +1 hat of intelligence (worn)
Jewellery
 a - an uncursed ring of ice
 q - an uncursed ring of sustain attributes
 C - a ring of positive energy (left hand)
 D - a ring of flight (right hand)
Wands
 b - a wand of polymorph (13/24)
 j - a wand of heal wounds (0/9)
Scrolls
 c - 5 scrolls of remove curse
 l - a scroll of amnesia
 n - 2 scrolls of random uselessness {unknown}
 o - 2 scrolls of recharging {unknown}
 s - a scroll of fear {unknown}
Potions
 e - 4 potions of curing
 f - 3 potions of resistance
 g - a potion of haste
 h - 5 potions of magic
 k - 7 potions of flight
 p - 2 potions of lignification
 u - a potion of brilliance {unknown}
 z - a potion of agility {unknown}
 E - 27 potions of mutation {unknown}
Comestibles
 d - 3 bread rations
 t - a royal jelly
 x - a slice of pizza
 A - a fruit


   Skills:
 + Level 8.9 Fighting
 * Level 15.5 Short Blades
 + Level 8.2 Armour
 * Level 19.7 Dodging
 * Level 21.2 Stealth
 + Level 4.8 Shields
 * Level 17.0 Spellcasting
 + Level 7.4 Conjurations
 + Level 12.8 Hexes
 + Level 8.3 Ice Magic
 * Level 10.2 Air Magic
 + Level 9.1 Poison Magic
 - Level 4.6 Invocations


You had 20 spell levels left.
You knew the following spells:

 Your Spells              Type           Power        Failure   Level  Hunger
a - Corona                Hex            ######.      1%          1    None
b - Ensorcelled Hibernat  Hex/Ice        ######       1%          2    None
c - Confuse               Hex            ######..     1%          3    None
d - Tukima's Dance        Hex            ######..     1%          3    None
e - Dazzling Spray        Conj/Hex       ######..     1%          3    None
f - Mephitic Cloud        Conj/Pois/Air  ######..     1%          3    None
g - Freezing Cloud        Conj/Ice/Air   ######....   17%         6    ####...
h - Poisonous Cloud       Conj/Pois/Air  ######....   14%         6    ####...


Dungeon Overview and Level Annotations

Branches:
Dungeon (1/1)

Altars:
Cheibriados
Dithmenos
Elyvilon
Fedhas
Gozag
Kikubaaqudgha
Makhleb
Nemelex Xobeh
Okawaru
Pakellas
Qazlal
Ru
Sif Muna
Trog
Vehumet
Xom
Yredelemnul
Zin
The Shining One
Beogh
Jiyva
Lugonu

Shops:
D !:[=[%[(}=*?:!*[

Annotations:
D exclusions: ice statue, oklob plant and orange crystal statue, Roxanne


Innate Abilities, Weirdness & Mutations

You are tiny and cannot use many weapons and most armour.
You have supernaturally acute eyesight.
You are a herbivore.
You cover ground extremely quickly.
You need consume almost no food.
You are partially covered in thin metallic scales (AC +2).
You regenerate slowly when monsters are visible.


Message History

You block the Brimstone Fiend's attack.
The Brimstone Fiend completely misses you.
The Brimstone Fiend hits you.
You hit the Brimstone Fiend but do no damage.
Space bends around the Brimstone Fiend.
The Brimstone Fiend is severely wounded.
The Brimstone Fiend completely misses you. x2
The Brimstone Fiend misses you.
You closely miss the Brimstone Fiend.
The Brimstone Fiend is severely wounded.
The Brimstone Fiend completely misses you.
The Brimstone Fiend hits you. You block the Brimstone Fiend's attack.
You hit the Brimstone Fiend but do no damage.
The Brimstone Fiend is severely wounded.
The Brimstone Fiend blinks!
An Orb Guardian comes into view.
Unknown command.
The Brimstone Fiend gestures at you.
The damnation unfurls!
The damnation engulfs you!
You die...

###### *********** #.[[.#
▓▓▓▓▓▓▓▓▓▓▓▓▓▓
,∩∩∩∩+,+,,###}}§§##▓.....'...'..♣
******,***#....§§§§▓.....▓...▓.♣♣
,,****+####..(..§§§▓.....▓.▓▓▓.♣♣
,**≈§§≈;§§##⌠..§@#§▓▓▓...▓...▓.♣♣
**≈≈;§§§§§§##1..§#§§▓▓▓'▓▓▓▓.▓.♣.
+≈≈≈;;;§≈§§§##X'##..§+§§.▓...▓...
##≈≈≈§§§§§§##§...###.#§§§▓▓▓▓▓▓▓▓
≈##≈≈§§§§≈*#.≈^....#.#.§§▓≈≈≈§≈§≈
≈≈#+++#+++#####(..^#.##§}▓▓▓▓▓▓▓▓
≈≈.........#..'^..(#..#|=▓Y..(...
≈≈≈.##+##..#..####.#..#}}▓..[)..(
≈≈≈##.#.##.####..+^##.#|§▓((.....


You could see a Brimstone Fiend and an Orb Guardian (wandering).

Vanquished Creatures
  A curse toe (D)
  A deep elf master archer (D)
  3 quicksilver dragons (D)
  A kraken (D)
  A deep elf blademaster (D)
  2 sphinxes (D)
  3 lorocyprocas (D)
  A crystal guardian (D)
  A fire dragon (D)
  An iron elemental (D)
  2 hell hogs (D)
  Sonja (D)
  An iron golem (D)
  A giant orange brain (D)
  2 death drakes (D)
  2 deep trolls (D)
  2 unseen horrors (D)
  12 shining eyes (D)
  A harpy (D)
  A toenail golem (D)
  An eye of devastation (D)
  A yaktaur (D)
  5 polar bears (D)
  2 boulder beetles (D)
  3 slime creatures (D)
  6 flying skulls (D)
  A vampire mosquito (D)
  2 hippogriffs (D)
  A golden eye (D)
  4 neqoxecs (D)
  Menkaure (D)
  3 soldier ants (D)
  2 swamp drakes (D)
  10 giant eyeballs (D)
  A wasp (D)
  3 black bears (D)
  4 necrophages (D)
  3 crocodiles (D)
  2 earth elementals (D)
  4 worker ants (D)
  A ballistomycete (D)
  A giant spore (D)
  A tentacle (D)
102 creatures vanquished.

Vanquished Creatures (others)
  An electric golem (D)
  A sphinx (D)
  A vampire knight (D)
  A hippogriff (D)
  A crocodile (D)
  2 ballistomycetes (D)
  A giant spore (D)
  3 tentacles (D)
11 creatures vanquished.

Grand Total: 113 creatures vanquished

Notes
Turn   | Place    | Note
--------------------------------------------------------------
     0 | D        | Kidiri the Spriggan Enchanter began the quest for the Orb.
     0 | D        | Reached XP level 1. HP: 9/9 MP: 5/5
     1 | D        | Noticed a necrophage
     1 | D        | Noticed a necrophage
     1 | D        | Noticed a necrophage
     1 | D        | Noticed a necrophage
     7 | D        | Killed a necrophage
     7 | D        | Reached skill level 1 in Fighting
     7 | D        | Reached skill level 1 in Armour
     7 | D        | Reached skill level 5 in Dodging
     7 | D        | Reached skill level 7 in Stealth
     7 | D        | Reached skill level 5 in Spellcasting
     7 | D        | Reached XP level 2. HP: 15/15 MP: 5/9
     7 | D        | Reached XP level 3. HP: 18/18 MP: 5/10
     7 | D        | Reached XP level 4. HP: 23/23 MP: 6/12
    11 | D        | Killed a necrophage
    11 | D        | Reached skill level 8 in Stealth
    11 | D        | Reached skill level 5 in Hexes
    11 | D        | Reached XP level 5. HP: 27/27 MP: 6/14
    14 | D        | Killed a necrophage
    14 | D        | Reached skill level 5 in Short Blades
    14 | D        | Reached skill level 9 in Stealth
    20 | D        | Killed a necrophage
    20 | D        | Reached XP level 6. HP: 32/32 MP: 7/17
    29 | D        | Learned a level 2 spell: Ensorcelled Hibernation
    33 | D        | Learned a level 3 spell: Confuse
    37 | D        | Learned a level 3 spell: Tukima's Dance
    41 | D        | Learned a level 3 spell: Dazzling Spray
    56 | D        | Noticed Menkaure
    58 | D        | Killed Menkaure
    58 | D        | Reached skill level 10 in Stealth
    58 | D        | Reached skill level 1 in Ice Magic
    88 | D        | Noticed a boulder beetle
    88 | D        | Noticed a boulder beetle
   103 | D        | Reached skill level 1 in Conjurations
   103 | D        | Reached XP level 7. HP: 35/36 MP: 10/19
   163 | D        | Noticed a neqoxec
   163 | D        | Noticed a neqoxec
   163 | D        | Noticed a neqoxec
   163 | D        | Noticed a neqoxec
   170 | D        | Killed a neqoxec
   170 | D        | Reached skill level 10 in Dodging
   170 | D        | Reached skill level 11 in Stealth
   171 | D        | Gained mutation: Your magical capacity is low (-10% MP). [a neqoxec]
   172 | D        | Killed a neqoxec
   173 | D        | Gained mutation: You tend to lose your temper in combat. [a neqoxec]
   176 | D        | Killed a neqoxec
   178 | D        | Killed a neqoxec
   178 | D        | Reached XP level 8. HP: 13/42 MP: 3/20
   388 | D        | Killed a boulder beetle
   388 | D        | Reached skill level 12 in Stealth
   397 | D        | Killed a boulder beetle
   445 | D        | Noticed Roxanne
   450 | D        | Found Myupt's Antique Armour Shop.
   451 | D        | Found Doess's Distillery.
   451 | D        | Found Guyjak's Book Boutique.
   451 | D        | Found Gyen's Assorted Antiques.
   465 | D        | Found Vuegruo's Jewellery Boutique.
   465 | D        | Found Veisum's Gadget Shop.
   467 | D        | Found Ulepaem's General Store.
   467 | D        | Found Paniw's Armour Boutique.
   467 | D        | Found Egacs's Magic Scroll Shop.
   467 | D        | Found Ziehugin's Food Boutique.
   468 | D        | Found Vaoz's Antique Weapon Boutique.
   468 | D        | Noticed a shining eye
   470 | D        | Found Liatut's Antique Armour Shop.
   471 | D        | Found Pounn's Jewellery Boutique.
   471 | D        | Found Moesche's Antique Armour Shop.
   471 | D        | Noticed a shining eye
   471 | D        | Noticed a shining eye
   471 | D        | Noticed an oklob plant
   472 | D        | Found Cyceros's Book Shoppe.
   472 | D        | Found Qishaq Duulu's Distillery.
   488 | D        | Bought a book of Clouds for 585 gold pieces
   492 | D        | Learned a level 3 spell: Mephitic Cloud
   499 | D        | Learned a level 6 spell: Freezing Cloud
   509 | D        | Bought a brightly glowing robe for 102 gold pieces
   519 | D        | Identified the +1 robe "Houble" {+Blink Dex+2 Stlth+} (You bought it in a shop in the Dungeon)
   568 | D        | Found a blossoming altar of Fedhas.
   569 | D        | Found an oddly glowing altar of Pakellas.
   570 | D        | Found a corrupted altar of Lugonu.
   570 | D        | Found a glowing silver altar of Zin.
   570 | D        | Found a stormy altar of Qazlal.
   571 | D        | Found a glowing golden altar of the Shining One.
   571 | D        | Found a roughly hewn altar of Beogh.
   571 | D        | Found an opulent altar of Gozag.
   572 | D        | Found a snail-covered altar of Cheibriados.
   572 | D        | Found a bloodstained altar of Trog.
   572 | D        | Found an iron altar of Okawaru.
   573 | D        | Found a basalt altar of Yredelemnul.
   573 | D        | Found a burning altar of Makhleb.
   574 | D        | Found a viscous altar of Jiyva.
   574 | D        | Found a shimmering altar of Xom.
   574 | D        | Found a sparkling altar of Nemelex Xobeh.
   575 | D        | Noticed a yaktaur
   575 | D        | Noticed a polar bear
   576 | D        | Noticed a polar bear
   576 | D        | Noticed a polar bear
   577 | D        | Killed a polar bear
   577 | D        | Reached skill level 10 in Spellcasting
   578 | D        | Killed a polar bear
   578 | D        | Reached skill level 13 in Stealth
   578 | D        | Reached skill level 1 in Air Magic
   578 | D        | Reached skill level 1 in Poison Magic
   578 | D        | Reached XP level 9. HP: 46/46 MP: 20/21
   582 | D        | Killed a yaktaur
   583 | D        | Killed a polar bear
   596 | D        | Found a shadowy altar of Dithmenos.
   598 | D        | Found an ancient bone altar of Kikubaaqudgha.
   598 | D        | Found a deep blue altar of Sif Muna.
   598 | D        | Found a radiant altar of Vehumet.
   599 | D        | Found a sacrificial altar of Ru.
   599 | D        | Found a white marble altar of Elyvilon.
   607 | D        | Became a worshipper of Dithmenos the Shadowed
   615 | D        | Learned a level 6 spell: Poisonous Cloud
   682 | D        | Reached skill level 5 in Fighting
   683 | D        | Reached skill level 1 in Invocations
   685 | D        | Reached * piety under Dithmenos
   693 | D        | Noticed a hell hog
   694 | D        | Noticed a hell hog
   695 | D        | Killed a hell hog
   695 | D        | Reached skill level 10 in Short Blades
   695 | D        | Reached skill level 14 in Stealth
   708 | D        | Killed a hell hog
   708 | D        | Reached ** piety under Dithmenos
   708 | D        | Reached skill level 5 in Armour
   708 | D        | Reached XP level 10. HP: 30/51 MP: 22/23
   882 | D        | Noticed a deep elf master archer
   897 | D        | Reached *** piety under Dithmenos
  1198 | D        | Killed a deep elf master archer
  1198 | D        | Reached skill level 15 in Stealth
  1219 | D        | Noticed a death drake
  1220 | D        | Noticed a death drake
  1220 | D        | Noticed a crystal guardian
  1223 | D        | Killed a crystal guardian
  1223 | D        | Reached skill level 5 in Ice Magic
  1224 | D        | Killed a death drake
  1224 | D        | Reached **** piety under Dithmenos
  1224 | D        | Reached XP level 11. HP: 56/56 MP: 25/25
  1226 | D        | Killed a death drake
  1267 | D        | Noticed a kraken
  1417 | D        | Killed a kraken
  1417 | D        | Reached skill level 15 in Dodging
  1417 | D        | Reached skill level 16 in Stealth
  1417 | D        | Reached skill level 10 in Hexes
  1417 | D        | Reached skill level 5 in Poison Magic
  1541 | D        | Reached ***** piety under Dithmenos
  1570 | D        | Noticed a deep troll
  1571 | D        | Noticed a deep troll
  1572 | D        | Killed a deep troll
  1572 | D        | Reached skill level 5 in Air Magic
  1574 | D        | Killed a deep troll
  1597 | D        | Noticed a sphinx
  1598 | D        | Noticed a sphinx
  1600 | D        | Killed a sphinx
  1600 | D        | Reached skill level 5 in Conjurations
  1601 | D        | Killed a sphinx
  1601 | D        | Reached skill level 17 in Stealth
  1756 | D        | Bought a scroll of enchant weapon for 75 gold pieces
  1756 | D        | Bought a scroll of identify for 20 gold pieces
  1760 | D        | Bought a scroll of identify for 20 gold pieces
  1760 | D        | Bought a scroll of identify for 20 gold pieces
  1763 | D        | Lost mutation: You tend to lose your temper in combat. [potion of cure mutation]
  1763 | D        | Lost mutation: Your magical capacity is low (-10% MP). [potion of cure mutation]
  1766 | D        | Bought a potion of heal wounds for 70 gold pieces
  1766 | D        | Bought a potion of curing for 42 gold pieces
  1766 | D        | Bought a potion of heal wounds for 70 gold pieces
  1766 | D        | Bought a potion of curing for 42 gold pieces
  1766 | D        | Bought a potion of beneficial mutation for 490 gold pieces
  1766 | D        | Gained mutation: You are partially covered in thin metallic scales (AC +2). [potion of beneficial mutation]
  1786 | D        | Bought a runed buckler for 126 gold pieces
  1797 | D        | Bought a scroll of identify for 38 gold pieces
  1797 | D        | Bought a scroll of identify for 38 gold pieces
  1851 | D        | Noticed a hellephant
  1851 | D        | Noticed Sonja
  1852 | D        | Noticed a red draconian shifter
  1852 | D        | Noticed a giant orange brain
  1854 | D        | Noticed a sphinx
  1854 | D        | a red draconian shifter changed into a sphinx
  1860 | D        | Banished a sphinx
  1978 | D        | Killed a giant orange brain
  2103 | D        | Killed Sonja
  2103 | D        | Reached XP level 12. HP: 63/63 MP: 23/30
  2160 | D        | Reached skill level 1 in Shields
  2163 | D        | Noticed a deep elf blademaster
  2168 | D        | Killed a deep elf blademaster
  2168 | D        | Reached skill level 18 in Stealth
  2258 | D        | Reached ****** piety under Dithmenos
  2567 | D        | Noticed an iron elemental
  2567 | D        | Noticed a fire dragon
  2581 | D        | Killed a fire dragon
  2935 | D        | Killed an iron elemental
  3135 | D        | Identified 4 scrolls of acquirement
  3161 | D        | Noticed an electric golem
  3166 | D        | Killed an electric golem
  3166 | D        | Reached skill level 15 in Spellcasting
  3309 | D        | Paralysed by a giant eyeball for 4 turns
  3313 | D        | Reached skill level 19 in Stealth
  3550 | D        | Reached XP level 13. HP: 68/68 MP: 29/33
  3588 | D        | Gained mutation: You regenerate slowly when monsters are visible. [a shining eye]
  3735 | D        | Noticed a quicksilver dragon
  3735 | D        | Noticed a quicksilver dragon
  3738 | D        | Killed a quicksilver dragon
  3740 | D        | Killed a quicksilver dragon
  3772 | D        | Noticed a lorocyproca
  3776 | D        | Killed a lorocyproca
  3776 | D        | Reached skill level 20 in Stealth
  3792 | D        | Noticed a lorocyproca
  3796 | D        | Killed a lorocyproca
  3815 | D        | Noticed a lorocyproca
  3815 | D        | Noticed a quicksilver dragon
  3817 | D        | Killed a lorocyproca
  3819 | D        | Killed a quicksilver dragon
  3858 | D        | Noticed a curse toe
  3858 | D        | Noticed Gloorx Vloq
  3858 | D        | Noticed a greater mummy
  4039 | D        | Noticed a vampire knight
  4094 | D        | Noticed an Executioner
  4094 | D        | Noticed an Executioner
  4094 | D        | Noticed an Executioner
  4094 | D        | Banished Gloorx Vloq
  4094 | D        | Reached skill level 15 in Short Blades
  4186 | D        | Killed a curse toe
  4186 | D        | Reached skill level 21 in Stealth
  4186 | D        | Reached skill level 10 in Air Magic
  4186 | D        | Reached XP level 14. HP: 17/74 MP: 2/35
  4327 | D        | Noticed an emperor scorpion
  4327 | D        | Noticed an emperor scorpion
  4341 | D        | Banished a vampire knight
  4551 | D        | Noticed an emperor scorpion
  4944 | D        | Noticed Murray
  4954 | D        | Banished Murray
  5005 | D        | Got the Orb of Zot
  5023 | D        | Noticed an Orb Guardian
  5031 | D        | Noticed a Brimstone Fiend
  5042 | D        | Noticed an Orb Guardian
  5042 | D        | Killed from afar by a Brimstone Fiend

Vault maps used:
D:        the_violet_keep_of_menkaure

Skill      XL: |  1  2  3  4  5  6  7  8  9 10 11 12 13 14 |
---------------+-------------------------------------------+-----
Fighting       | 1 2 3 4 5 6 7 8 |  8.9
Short Blades   | 3 4 6 7 9 10 11 12 13 15 | 15.5
Armour         | 1 2 3 4 5 6 7 8 |  8.2
Dodging        | 5 7 8 9 10 11 13 14 16 17 19 | 19.7
Stealth        | 7 8 9 10 11 13 14 15 17 19 21 | 21.2
Spellcasting   | 5 6 7 8 9 10 11 12 13 15 16 17 | 17.0
Hexes          | 4 5 6 7 8 9 10 11 12 | 12.8
Ice Magic      | 1 2 3 4 5 6 7 8 |  8.3
Conjurations   | 1 2 3 4 5 6 7 |  7.4
Air Magic      | 1 3 4 5 7 10 | 10.2
Poison Magic   | 1 3 4 6 7 9 |  9.1
Invocations    | 2 4 |  4.6
Shields        | 3 4 |  4.8

Action                   |  1- 3 |  4- 6 |  7- 9 | 10-12 | 13-15 || total
-------------------------+-------+-------+-------+-------+-------++-------
Melee: Dagger            |     4 |    18 |    37 |    56 |       ||   115
       Short sword       |       |       |       |    27 |    91 ||   118
 Cast: Ensorcelled Hiber |       |     4 |     4 |    32 |     1 ||    41
       Dazzling Spray    |       |       |     4 |    42 |    32 ||    78
       Confuse           |       |       |     2 |    13 |     4 ||    19
       Mephitic Cloud    |       |       |       |     6 |       ||     6
Invok: Shadow Step       |       |       |       |     3 |     2 ||     5
 Abil: Evoke Blink       |       |       |       |     2 |       ||     2
       Evoke Flight      |       |       |       |     2 |       ||     2
Evoke: Wand              |       |       |       |       |     4 ||     4
  Use: Potion            |     1 |       |     1 |     7 |     2 ||    11
       Scroll            |       |       |       |    15 |       ||    15
 Stab: Sleeping          |       |     4 |    12 |    27 |    14 ||    57
       Invisible         |       |       |     4 |    11 |     4 ||    19
       Confused          |       |       |     1 |     6 |       ||     7
  Eat: Bread ration      |       |       |       |     1 |       ||     1
Armor: Robe              |       |     1 |     2 |     4 |     2 ||     9
Dodge: Dodged            |     2 |     6 |    33 |    72 |    42 ||   155
Block: Buckler           |       |       |       |    18 |    21 ||    39
